 Dungeon Crawl Stone Soup version 0.27-a0-34-gc18c9092ac (webtiles) character file.

Game seed: 5149838609010479164

11767 HoaS the Grappler (level 11, -1/105 HPs)
             Began as a Troll Gladiator on Jan 4, 2021.
             Was a Priest of Makhleb.
             Slain by a boulder beetle (47 damage)
             ... on level 11 of the Dungeon.
             The game lasted 00:20:53 (7474 turns).

HoaS the Grappler (Troll Gladiator)                 Turns: 7474, Time: 00:20:54

Health: -1/105     AC: 18    Str: 24    XL:     11   Next: 53%
Magic:  10/10      EV: 13    Int:  4    God:    Makhleb [***...]
Gold:   542        SH:  0    Dex: 14    Spells: 10/10 levels left

rFire    . . .     SeeInvis .     - Unarmed
rCold    . . .     Faith    .   (no shield)
rNeg     . . .     Spirit   .   E - +0 steam dragon scales
rPois    .         Reflect  .   b - +2 hat
rElec    .         Harm     .   d - +1 cloak
rCorr    .         Rampage  .   (gloves unavailable)
Will     +....                  (boots unavailable)
Stlth    +.........             n - amulet of regeneration
HPRegen  1.07/turn              F - +4 ring of protection
MPRegen  0.12/turn              u - ring of willpower

@: no status effects
A: large, unfitting armour, claws 3, regeneration 1, shaggy fur 1, tough skin 3
a: Renounce Religion, Minor Destruction, Lesser Servant of Makhleb


You were on level 11 of the Dungeon.
You worshipped Makhleb.
Makhleb was most pleased with you.
You visited 2 branches of the dungeon, and saw 12 of its levels.

You collected 542 gold pieces.

Inventory:

Missiles
 c - 2 throwing nets (quivered)
 j - 26 poisoned darts
 s - 7 large rocks
 v - 14 boomerangs
 D - 2 atropa-tipped darts
Armour
 b - a +2 hat (worn)
 d - a +1 cloak (worn)
 E - +0 steam dragon scales (worn)
Jewellery
 g - an uncursed ring of protection from cold
 n - an amulet of regeneration (around neck)
 u - a ring of willpower (right claw)
 C - an uncursed ring of protection from cold
 F - a +4 ring of protection (left claw)
Wands
 i - a wand of polymorph (9)
 o - a wand of flame (12)
 t - a wand of enslavement (11)
 w - a wand of iceblast (8)
 x - a wand of random effects (15)
 z - a wand of paralysis (6)
 A - a wand of acid (7)
Scrolls
 a - 2 scrolls of fear
 h - 4 scrolls of remove curse
 q - 3 scrolls of identify
 r - 3 scrolls of teleportation
 y - a scroll of fog
Potions
 e - 2 potions of ambrosia
 f - 2 potions of flight
 k - 5 potions of lignification
 l - 2 potions of heal wounds
 m - 3 potions of mutation
 p - 2 potions of curing
 B - a potion of haste


   Skills:
 + Level 6.3 Fighting
 - Level 5.0 Throwing
 + Level 4.7 Armour
 + Level 6.2 Dodging
 * Level 13.4 Unarmed Combat


You had 10 spell levels left.
You didn't know any spells.
Your spell library contained the following spells:

 Spells                   Type           Power        Failure   Level
 Magic Dart               Conj           0%           50%         1
 Searing Ray              Conj           0%           65%         2
 Confusing Touch          Hex            0%           86%         3
 Dazzling Flash           Conj/Hex       0%           86%         3
 Gell's Gravitas          Tloc           0%           86%         3
 Fulminant Prism          Conj/Hex       0%           99%         4
 Iskenderun's Mystic Bla  Conj/Tloc      0%           99%         4
 Petrify                  Tmut/Erth      0%           99%         4
 Bolt of Magma            Conj/Fire/Erth 0%           100%        5
 Iskenderun's Battlesphe  Conj           0%           100%        5
 Metabolic Englaciation   Hex/Ice        0%           100%        5
 Yara's Violent Unravell  Hex/Tmut       0%           100%        5
 Iron Shot                Conj/Erth      0%           100%        6
 Orb of Destruction       Conj           0%           100%        7
 Spellforged Servitor     Conj/Summ      0%           100%        7


Dungeon Overview and Level Annotations

Branches:
Dungeon (11/15)            Temple (1/1) D:4
   Lair: D:8-11         Orc: D:9-12

Altars:
Ashenzari
Cheibriados
Dithmenos
Elyvilon
Fedhas
Gozag
Hepliaklqana
Kikubaaqudgha
Makhleb
Nemelex Xobeh
Okawaru
Qazlal
Ru
Sif Muna
Trog
Uskayaw
Vehumet
Wu Jian
Xom
Yredelemnul
Zin
The Shining One

Shops:
D:11 *


Innate Abilities, Weirdness & Mutations

You are too large for most types of armour.
You have claws for hands.
Your natural rate of healing is unusually fast.
You are covered in fur. (AC +1)
You have extremely tough skin. (AC +3)


Message History

The yak barely misses you. The boulder beetle bites you!
You claw the boulder beetle!
The boulder beetle is almost dead.
You scratch the boulder beetle but do no damage.
The boulder beetle is almost dead.
The boulder beetle leaps!
You scratch the yak.
The yak is lightly wounded.
The boulder beetle curls into a ball and begins rolling!
You claw the yak!
The yak is heavily wounded.
The yak closely misses you.
You scratch the yak.
The yak is heavily wounded.
The yak gores you but does no damage.
You mangle the yak!!
You kill the yak!
Makhleb accepts your kill. The boulder beetle hits you!!!
You die...

#.....# .. ##.###.#.###
##.##### #. ##(#.##.### #..## #
####.#####.###.... ##...# #.
#..>............#.
#....######.##.##.##.######....
##...........°..#. #.# #.#.#
#....#########°.)####.# #.#.#
##...## #...B).(.((# #.#.#
#..### #.##@####### #.#.# #.##
#†# #.#.# ..# #Y# #.#.# ..# #Y#
..# #.# ..# ..# #..... ...
#####.# ####


You could see a boulder beetle and 2 yaks.

Vanquished Creatures
  Gastronok (D:9)
  Harold (D:8)
  2 two-headed ogres (D:9)
  An ugly thing (D:11)
  A cyclops (D:11)
  Psyche (D:10)
  A gargoyle (D:9)
  Maggie (D:8)
  A troll (D:10)
  Grinder (D:4)
  Prince Ribbit (D:6)
  5 yaks (D:11)
  A wraith (D:10)
  Menkaure (D:7)
  2 water moccasins
  6 ice beasts
  2 phantoms
  2 sky beasts
  7 ogres
  6 centaurs
  A big kobold (D:8)
  5 bullfrogs
  2 scorpions
  A water moccasin skeleton (D:10)
  8 killer bees (D:8)
  9 wights
  A howler monkey (D:8)
  A bullfrog zombie (D:11)
  A quasit (D:8)
  Crazy Yiuf (D:7)
  4 centaur zombies
  5 hounds
  3 centaur skeletons
  4 iguanas
  An orc priest (D:6)
  3 orc wizards
  4 bullfrog skeletons
  Natasha (D:4)
  10 worker ants
  A hound skeleton (D:8)
  Robin (D:3)
  6 gnolls
  8 adders
  A howler monkey skeleton (D:7)
  6 shadow imps
  2 white imps
  2 ufetubi
  2 oozes
  2 adder zombies
  3 worms
  2 dart slugs
  2 leopard geckos
  27 orcs
  A ball python (D:2)
  15 bats
  3 giant cockroaches
  19 goblins
  12 hobgoblins
  2 jackals (D:1)
  9 quokkas
  5 frilled lizards
  A jackal zombie (D:9)
  4 kobolds
  9 rats
254 creatures vanquished.

Notes
Turn   | Place    | Note
-------+----------+-------------------------------------------
     0 | D:1      | HoaS the Troll Gladiator began the quest for the Orb.
     0 | D:1      | Reached XP level 1. HP: 19/19 MP: 0/0
   106 | D:1      | Reached XP level 2. HP: 28/28 MP: 1/1
   884 | D:2      | Reached XP level 3. HP: 35/35 MP: 2/2
  1137 | D:2      | Reached skill level 4 in Unarmed Combat
  1192 | D:2      | Reached XP level 4. HP: 35/42 MP: 3/3
  1660 | D:2      | Reached XP level 5. HP: 46/50 MP: 4/4
  1826 | D:3      | Reached skill level 5 in Unarmed Combat
  1999 | D:4      | Noticed Grinder
  2014 | D:4      | Killed Grinder
  2015 | D:4      | Reached skill level 6 in Unarmed Combat
  2015 | D:4      | Reached XP level 6. HP: 43/59 MP: 5/5
  2049 | D:4      | Found a staircase to the Ecumenical Temple.
  2061 | Temple   | Entered the Ecumenical Temple
  2343 | D:4      | Reached skill level 7 in Unarmed Combat
  2366 | D:4      | Noticed Robin
  2452 | D:3      | Killed Robin
  2453 | D:3      | Reached XP level 7. HP: 57/66 MP: 6/6
  2498 | D:4      | Noticed Natasha
  2504 | D:4      | Killed Natasha
  3047 | D:5      | Entered Level 5 of the Dungeon
  3057 | D:5      | Reached skill level 8 in Unarmed Combat
  3269 | D:5      | Reached skill level 9 in Unarmed Combat
  3274 | D:5      | Reached XP level 8. HP: 72/74 MP: 7/7
  3286 | D:5      | Found a blossoming altar of Fedhas.
  3656 | D:6      | Noticed Prince Ribbit
  3665 | D:6      | Killed Prince Ribbit
  3666 | D:6      | Reached skill level 10 in Unarmed Combat
  3714 | D:6      | Found a broken altar of Ashenzari.
  3950 | D:7      | Noticed Menkaure
  3955 | D:7      | Killed Menkaure
  4002 | D:7      | Found a blossoming altar of Fedhas.
  4199 | D:7      | Found a runed translucent door.
  4200 | D:7      | Noticed Crazy Yiuf
  4264 | D:7      | Reached XP level 9. HP: 56/83 MP: 8/8
  4378 | D:7      | Found a glowing golden altar of the Shining One.
  4389 | D:7      | Found a snail-covered altar of Cheibriados.
  4395 | D:7      | Found a burning altar of Makhleb.
  4407 | D:7      | Became a worshipper of Makhleb the Destroyer
  4514 | D:7      | Killed Crazy Yiuf
  4729 | D:8      | Noticed Maggie
  4744 | D:8      | Killed Maggie
  4745 | D:8      | Reached skill level 11 in Unarmed Combat
  4879 | D:8      | Noticed Harold
  4899 | D:8      | Killed Harold
  4900 | D:8      | Reached skill level 1 in Armour
  5589 | D:8      | Reached skill level 5 in Throwing
  5589 | D:8      | Reached XP level 10. HP: 34/94 MP: 9/9
  5739 | D:9      | Reached * piety under Makhleb
  5772 | D:9      | Found a basalt altar of Yredelemnul.
  5796 | D:9      | Noticed Gastronok
  5806 | D:9      | Killed Gastronok
  5807 | D:9      | Reached skill level 5 in Fighting
  5807 | D:9      | Reached skill level 5 in Dodging
  5807 | D:9      | Reached skill level 12 in Unarmed Combat
  5827 | D:9      | Found an opulent altar of Gozag.
  6010 | D:9      | Noticed a gargoyle
  6016 | D:9      | Killed a gargoyle
  6150 | D:9      | Noticed a two-headed ogre
  6161 | D:9      | Killed a two-headed ogre
  6276 | D:10     | Entered Level 10 of the Dungeon
  6276 | D:10     | Noticed a two-headed ogre
  6277 | D:10     | Noticed Psyche
  6298 | D:9      | Killed a two-headed ogre
  6302 | D:9      | Reached XP level 11. HP: 104/104 MP: 10/10
  6336 | D:10     | Killed Psyche
  6404 | D:10     | Reached ** piety under Makhleb
  6532 | D:10     | Identified the +9 shortbow of Coampof {vorpal, +Inv rN++
                  | Dex+4 Stlth+}
  6549 | D:10     | Reached skill level 13 in Unarmed Combat
  6961 | D:11     | Noticed a boulder beetle
  6971 | D:11     | Noticed an eight-headed hydra
  7179 | D:11     | Found Buje's General Store.
  7260 | D:11     | Noticed a six-headed hydra
  7358 | D:11     | Noticed a purple ugly thing
  7363 | D:11     | Killed a purple ugly thing
  7444 | D:11     | Reached *** piety under Makhleb
  7474 | D:11     | Slain by a boulder beetle

Illustrated notes

Levels and vault maps discovered:
D:1:      dpeg_arrival_simpleton_a, layout_basic, hex_tiny
D:2:      wad_pebble_path, layout_loops_ring, minmay_divided_ellipse
D:3:      layout_rooms
D:4:      layout_basic, minmay_temple_entry_antechambers, uniq_robin,
          uniq_natasha, uniq_grinder
D:5:      layout_rooms, basic_altar
D:6:      layout_gridville, nicolae_overflow_hidden_temple, uniq_prince_ribbit1
D:7:      layout_rooms, overflow_temple_1_default, minitemple, serial_aquarium,
          aquarium_bridge_long_separate [aquarium_subvault_wall,
          aquarium_subvault_bridge, aquarium_subvault_balcony,
          aquarium_subvault_wall, aquarium_subvault_wall,
          aquarium_subvault_bridge], aquarium_window_fake, aquarium_window_1,
          aquarium_view_2c, aquarium_pool_1, fedhas_altar_3, uniq_menkaure,
          uniq_crazy_yiuf_cottage
D:8:      layout_gridville, uniq_maggie, uniq_harold
D:9:      layout_cave_pools, yredelemnul_altar_generic, general_overflow_altar,
          hangedman_decor_peaks_small, nicolae_zen_rock_garden, uniq_gastronok
D:10:     layout_cross, uniq_psyche
D:11:     minmay_the_grid_four_pointed_star
          [minmay_the_grid_triangle_9x9_wacky_v,
          minmay_the_grid_triangle_9x9_limited_checkers,
          minmay_the_grid_triangle_9x9_flanged_cone,
          minmay_the_grid_triangle_9x9_sprig,
          minmay_the_grid_prize_inner_circle], layout_loops_ring, serial_shops,
          shop
Temple:   eino_temple_rhombus

Skill      XL: |  1  2  3  4  5  6  7  8  9 10 11 |
---------------+----------------------------------+-----
Throwing       | 2 3 5 |  5.0
Fighting       | 2 3 4 5 6 |  6.3
Unarmed Combat | 4 6 7 9 10 11 12 13 | 13.4
Dodging        | 3 4 5 6 |  6.2
Armour         | 1 3 4 |  4.7

Action                   |  1- 3 |  4- 6 |  7- 9 | 10-12 || total
-------------------------+-------+-------+-------+-------++-------
Melee: Unarmed           |   112 |   133 |   263 |   261 ||   769
       Punch             |     1 |     4 |    11 |    23 ||    39
Throw: Throwing net      |       |     1 |     2 |     4 ||     7
       Dart              |       |       |     1 |       ||     1
Evoke: Wand              |       |       |       |     1 ||     1
  Use: Scroll            |     4 |     3 |    13 |     6 ||    26
       Potion            |       |       |     2 |       ||     2
 Stab: Sleeping          |     2 |     1 |     1 |       ||     4
       Held in net/web   |       |       |     1 |     3 ||     4
Armor: Robe              |    44 |    59 |    64 |       ||   167
       Steam dragon scal |       |       |    72 |   104 ||   176
Dodge: Dodged            |    59 |    75 |   201 |   129 ||   464

Table legend: (Time is in decaauts)
 A = Elapsed time spent in this place.
 B = Non-inter-level travel time spent in this place.
 C = Inter-level travel time spent in this place.
 D = Time resting spent in this place.
 E = Time spent auto-exploring this place.
 F = Levels seen in this place.
 G = Mean time per level.
                   A        B        C        D        E       F      G
               +--------+--------+--------+--------+--------+-----+--------+
         Total |   7372 |   7064 |    308 |    714 |   4595 |  12 |  614.3 |
       Dungeon |   7198 |   6910 |    288 |    714 |   4442 |  11 |  654.4 |
        Temple |    174 |    154 |     20 |      0 |    153 |   1 |  174.0 |
               +--------+--------+--------+--------+--------+-----+--------+

Top non-repeatable levels by time:
     D:8: 1092 daAuts
     D:1: 865 daAuts
     D:4: 827 daAuts
     D:2: 782 daAuts
    D:10: 705 daAuts
     D:7: 665 daAuts
     D:9: 596 daAuts
     D:6: 429 daAuts
    D:11: 425 daAuts
     D:5: 423 daAuts
     D:3: 384 daAuts
  Temple: 174 daAuts
